AoeStats
← DD人

Oasis

510046864Analyzed
4v4 RM · 3d ago on Sep 29, 2026· 16m 11s· 8 players
Game mode
Random Map
Map size
Large (8 player)
Population
200
Speed
Normal
Resources
Standard
Victory
Conquest
Starting age
Dark Age
Ending age
Imperial Age
RankedLock teamsTeams togetherTeam positionsShared explorationLock speedFull tech treeHidden civsTurbo modeCheats
Victory
Defeat
🇨🇳 Britons · China
1004
+31
🇧🇷 Georgians · Brazil
952
+13
🇦🇷 Franks · Argentina
788
+19
🇦🇷 Spanish · Argentina
739
+20
🇫🇷 Vietnamese · France
913
-18
🇵🇰 Jurchens · Pakistan
903
-17
🇺🇸 Mapuche · United States
881
-16
🇫🇷 Saxons · France
775
-12
Actiweed1
0:29 Loom
12:30 Feudal Age
14:00 Wheelbarrow
13:07 Horse Collar
13:33 Double-Bit Axe
Elyo61
8:50 Loom
12:58 Feudal Age
Gbetosaurus
6:46 Loom
8:34 Feudal Age
9:08 Loom
13:10 Double-Bit Axe
13:06 Horse Collar
13:16 Gold Mining
ALAM-THE-GHAZAI
5:36 Loom
12:37 Feudal Age
PsicoDelico
8:34 Loom
10:59 Feudal Age
12:16 Double-Bit Axe
12:21 Horse Collar
17:17 Castle Age
pepillorodriguez93
2:57 Loom
10:32 Feudal Age
13:27 Double-Bit Axe
18:36 Castle Age
_132_Ñandu_Arg
4:03 Loom
16:48 Feudal Age
DD人
10:04 Feudal Age
11:42 Loom
12:06 Double-Bit Axe
14:42 Gold Mining
16:10 Fletching
Connection lost

Rejoining the realm…

Still unreachable

The connection could not be restored.

Session expired

The server has moved on; the page needs a fresh start.